 Dungeon Crawl Stone Soup version 0.28-a0-1429-gf3d713df7a (webtiles) character file.

Game seed: 4409162283610762853

266 Jepp2078 the Magician (level 6, -4/43 HPs)
             Began as a Djinni Ice Elementalist on Jan 8, 2022.
             Was an Initiate of Ashenzari.
             Slain by Grinder (6 damage)
             ... while paralysed by Grinder
             ... on level 4 of the Dungeon.
             The game lasted 00:11:54 (4171 turns).

Jepp2078 the Magician (Djinni Ice Elementalist)     Turns: 4171, Time: 00:11:54

Health: -4/43      AC:  3    Str:  7    XL:     6   Next: 44%
Gold:   200        EV:  2    Int: 18    God:    Ashenzari [......] SH:  0 Dex: 19

rFire   + + .      SeeInvis .   l - +9 mace of Eternal Harmony {vorpal, Will+ Dex+5}
rCold   x . .      Faith    .   (no shield)
rNeg    . . .      Spirit   .   a - +0 robe
rPois   ∞          Reflect  .   (no helmet)
rElec   .          Harm     .   b - +0 cloak
rCorr   .          Rampage  .   (no gloves)
Will    +....                   (boots unavailable)
Stlth   ++........              (no amulet)
HPRegen 0.14/turn               (no ring)
MPRegen 0.00/turn               (no ring)

@: paralysed, flying, very slightly contaminated
A: sickness immunity, fire resistance 2, cold vulnerability 1, float, innate
caster, hp casting, extra vitality 1
a: Renounce Religion


You were on level 4 of the Dungeon.
You worshipped Ashenzari.
Ashenzari was noncommittal.
You visited 1 branch of the dungeon, and saw 4 of its levels.

You collected 200 gold pieces.

Inventory:

Hand Weapons
 l - the +9 mace of Eternal Harmony (weapon) {vorpal, Will+ Dex+5}
   (You found it on level 3 of the Dungeon)

   It inflicts extra damage upon your enemies.
   Dex:       It affects your dexterity (+5).
   Will:      It increases your willpower.
Armour
 a - a +0 robe (worn)
 b - a +0 cloak (worn)
Scrolls
 f - a scroll of identify {unknown}
 g - 2 scrolls of vulnerability {unknown}
 j - a scroll of enchant weapon {unknown}
 k - a scroll of immolation {unknown}
Potions
 c - a potion of invisibility {unknown}
 d - a potion of haste {unknown}
 e - 3 potions of attraction {unknown}
 h - 2 potions of mutation {unknown}
 i - 3 potions of curing {unknown}
 m - a potion of heal wounds {unknown}


   Skills:
 + Level 1.8 Fighting
 - Level 2.1 Dodging
 - Level 1.5 Stealth
 + Level 5.4 Spellcasting


You had one spell level left.
You knew the following spells:

 Your Spells              Type           Power      Damage    Failure   Level
a - Freeze                Ice            96%        1d11      1%          1
b - Frozen Ramparts       Ice            48%        1d6       4%          3
c - Ozocubu's Armour      Ice            24%        N/A       4%          3
d - Hailstorm             Conj/Ice       24%        3d7       14%         4
e - Summon Small Mammal   Summ           96%        N/A       1%          1
f - Scorch                Fire           48%        2d7       1%          2
Your spell library was empty.

Dungeon Overview and Level Annotations

Branches:
Dungeon (4/15)
 Temple: D:4-7

Altars:
Ashenzari
The Shining One

Shops:
D:4 !

Annotations:
D:3 Natasha
D:4 Dowan, Duvessa, Grinder


Innate Abilities, Weirdness & Mutations

You are immune to sickness and miasma.
You are immune to poison.
Your flesh is very heat resistant. (rF++)
You are vulnerable to cold. (rC-)
You float through the air rather than walking.
You learn spells naturally, not from books.
Your magical power is your life essence.
You have superior vitality. (+4 MHP)


Message History

Nothing appears to happen.
Duvessa completely resists.
The wall freezes Duvessa but does no damage.
Grinder completely resists.
The wall freezes Grinder but does no damage.
Casting: Scorch (safe; 1% risk of failure)
Press: ? - help, Q - select action, (/) - cycle Dir - look around, f - activate Look: Grinder (moderately wounded, more vulnerable to fire) Flames lash Duvessa.
Duvessa is moderately wounded.
Duvessa's fire resistance burns away.
The water moccasin skeleton completely resists.
The wall freezes the water moccasin skeleton but does no damage.
Duvessa completely resists.
The wall freezes Duvessa but does no damage.
Grinder completely resists.
The wall freezes Grinder but does no damage.
Grinder grins, showing sharp teeth.
Grinder gestures at you.
You suddenly lose the ability to move!
The water moccasin skeleton completely resists.
The wall freezes the water moccasin skeleton but does no damage.
Duvessa resists.
The wall freezes Duvessa.
Grinder completely resists.
The wall freezes Grinder but does no damage.
Grinder hits you.
You writhe in agony.
The water moccasin skeleton completely resists.
The wall freezes the water moccasin skeleton but does no damage.
Grinder completely resists.
The wall freezes Grinder but does no damage.
Grinder hits you!
* * * LOW HITPOINT WARNING * * *
You writhe in agony.
* * * LOW HITPOINT WARNING * * *
An iguana comes into view.
The frozen ramparts melt away.
Grinder is no longer more vulnerable to fire.
Grinder hits you!
* * * LOW HITPOINT WARNING * * *
You writhe in agony.
You die...

#. .#.#.#..
.....#.#######.......
... ..# ######.#
######## #..#.## #.#
.# ###. .. #... e.
#...####.############
.#
#...................#
..
...#####.##########.##
.# ... #.@# #..#### .#
.. #5## ##..... .#
#.#e# #####. .. #.Zo#
#. .# .>.....## ##
..##... # #.... #l#.#
...#.


You could see Grinder, Duvessa (combustible), an iguana (wandering), an orc
wizard and a water moccasin skeleton.

Vanquished Creatures
  Crazy Yiuf (D:3)
  A hound (D:3)
  An iguana (D:4)
  Natasha (D:3)
  2 orc wizards (D:4)
  An adder (D:3)
  2 dart slugs
  10 orcs
  2 bats (D:1)
  8 endoplasms
  6 giant cockroaches
  3 goblins
  8 hobgoblins
  8 jackals
  5 kobolds
  4 quokkas
  6 ball pythons
  2 frilled lizards
  7 rats
78 creatures vanquished.

Notes
Turn   | Place    | Note
-------+----------+-------------------------------------------
     0 | D:1      | Jepp2078 the Djinni Ice Elementalist began the quest for
                  | the Orb.
     0 | D:1      | Reached XP level 1. HP: 15/15 MP: 0/0
     2 | D:1      | Noticed a vampire
     4 | D:1      | Noticed a human
     6 | D:1      | Noticed an elf
     8 | D:1      | Noticed a gargoyle
    10 | D:1      | Noticed a demonspawn
    12 | D:1      | Noticed a spriggan
    12 | D:1      | Noticed a minotaur
    14 | D:1      | Noticed an ogre
    14 | D:1      | Noticed a tengu
    16 | D:1      | Noticed an octopode
    16 | D:1      | Noticed a dwarf
    18 | D:1      | Noticed a ghoul
    18 | D:1      | Noticed a vine stalker
    20 | D:1      | Noticed a formicid
    20 | D:1      | Noticed a felid
    22 | D:1      | Noticed a draconian
    22 | D:1      | Noticed a merfolk
    24 | D:1      | Noticed a naga
    24 | D:1      | Noticed a troll
    26 | D:1      | Noticed a demigod
    47 | D:1      | Reached XP level 2. HP: 14/21 MP: 0/0
   596 | D:1      | Reached XP level 3. HP: 21/25 MP: 0/0
   596 | D:1      | Learned a level 1 spell: Summon Small Mammal
   783 | D:1      | Reached skill level 4 in Spellcasting
  1758 | D:2      | Reached XP level 4. HP: 25/31 MP: 0/0
  2137 | D:2      | Found a faded altar of an unknown god.
  2471 | D:3      | Reached XP level 5. HP: 20/35 MP: 0/0
  2471 | D:3      | Learned a level 2 spell: Scorch
  3069 | D:3      | Identified the +9 mace of Eternal Harmony {vorpal, Will+
                  | Dex+5}
  3079 | D:3      | Found a runed translucent door.
  3080 | D:3      | Noticed Crazy Yiuf
  3085 | D:3      | Killed Crazy Yiuf
  3086 | D:3      | Reached skill level 5 in Spellcasting
  3315 | D:3      | Noticed Natasha
  3322 | D:3      | Killed Natasha
  3496 | D:3      | Found a broken altar of Ashenzari.
  3496 | D:3      | Found a glowing golden altar of the Shining One.
  3500 | D:3      | Became a worshipper of Ashenzari the Shackled
  3545 | D:3      | Noticed Natasha
  3579 | D:4      | Noticed Duvessa
  3579 | D:4      | Noticed Dowan
  3669 | D:4      | Found Kitad's Distillery.
  3717 | D:4      | Reached XP level 6. HP: 32/41 MP: 0/0
  3852 | D:4      | Reached skill level 1 in Fighting
  4162 | D:4      | Noticed Grinder
  4168 | D:4      | Paralysed by Grinder for 4 turns
  4171 | D:4      | HP: 2/43 [Grinder (8)]
  4171 | D:4      | Slain by Grinder

Illustrated notes

Levels and vault maps discovered:
D:1:      kb_arrival_jail, layout_basic
D:2:      layout_basic, ebering_ecumenical_altar_abandoned
D:3:      layout_loops_cross, gammafunk_temple_overflow_wave,
          uniq_crazy_yiuf_cottage, uniq_natasha
D:4:      layout_rooms, serial_shops, nicolae_shop_advertising_works
          [nicolae_subvault_shop_adworks], uniq_grinder, uniq_duvessa

Skill      XL: |  1  2  3  4  5  6 |
---------------+-------------------+-----
Spellcasting   | 4 5 |  5.4
Fighting       | 1 |  1.8
Dodging        | |  2.1
Stealth        | |  1.5

Action                   |  1- 3 |  4- 6 || total
-------------------------+-------+-------++-------
Melee: Dagger            |    14 |     4 ||    18
       Mace              |       |     1 ||     1
 Cast: Freeze            |    52 |    15 ||    67
       Frozen Ramparts   |       |     3 ||     3
       Summon Small Mamm |       |     1 ||     1
       Scorch            |       |    37 ||    37
 Stab: Sleeping          |     3 |     3 ||     6
Armor: Robe              |    11 |     2 ||    13
Dodge: Dodged            |    31 |    12 ||    43

Table legend: (Time is in decaauts)
 A = Elapsed time spent in this place.
 B = Non-inter-level travel time spent in this place.
 C = Inter-level travel time spent in this place.
 D = Time resting spent in this place.
 E = Time spent auto-exploring this place.
 F = Levels seen in this place.
 G = Mean time per level.
                   A        B        C        D        E       F      G
               +--------+--------+--------+--------+--------+-----+--------+
         Total |   4172 |   4093 |     79 |    100 |   3420 |   4 | 1043.0 |
       Dungeon |   4172 |   4093 |     79 |    100 |   3420 |   4 | 1043.0 |
               +--------+--------+--------+--------+--------+-----+--------+

Top non-repeatable levels by time:
     D:1: 1565 daAuts
     D:3: 1332 daAuts
     D:2: 708 daAuts
     D:4: 566 daAuts
